 Dungeon Crawl Stone Soup version 0.18.1-48-g4cf74bf (webtiles) character file.

1893 W0nk042 the Ducker (level 8, -1/79 HPs)
             Began as a Troll Berserker on June 18, 2016.
             Was an Elder of Trog.
             Hit by a stone thrown by an orc warrior (5 damage)
             ... on level 6 of the Dungeon on June 24, 2016.
             The game lasted 01:13:48 (5771 turns).

W0nk042 the Ducker (Troll Berserker)                Turns: 5771, Time: 01:13:49

Health: -1/79      AC:  7    Str: 30    XL:     8   Next: 93%
Magic:  7/7        EV:  9    Int:  4    God:    Trog [****..]
Gold:   377        SH: 17    Dex: 14    Spells: 0 memorised, 7 levels left

rFire  . . .     SeeInvis .     v - -1 short sword (curse)
rCold  . . .     Gourm    +     b - +1 animal skin
rNeg   . . .     Faith    .     q - +0 large shield
rPois  .         Spirit   .     (helmet restricted)
rElec  .         Dismiss  .     U - +0 cloak "Ibifur" {Stlth+} (curse)
rCorr  .         Reflect  .     (gloves unavailable)
SustAt .         Harm     .     (boots unavailable)
MR     .....                    R - amulet of rage
Stlth  ++........               y - +4 ring of dexterity
                                h - +4 ring of strength

@: exhausted, slowed, very slow, not resistant to hostile enchantments,
unstealthy
A: unfitting armour, claws 3, fast metabolism 3, gourmand, regeneration 2,
shaggy fur 1, tough skin 2
a: Berserk, Trog's Hand, Brothers in Arms, Burn Spellbooks, Renounce Religion,
Evoke Berserk Rage


You were on level 6 of the Dungeon.
You worshipped Trog.
Trog was greatly pleased with you.
You were near starving.

You visited 1 branch of the dungeon, and saw 6 of its levels.

You collected 377 gold pieces.

Inventory:

Hand Weapons
 a - a +0 mace
 d - a +0 mace
 t - a +0 spear
 v - a cursed -1 short sword (weapon)
 x - a +0 short sword of draining
 B - a +0 short sword
 G - a +0 dagger
 H - a +0 dagger
 L - a +2 short sword of freezing
 O - a +3 trident
Missiles
 i - 69 arrows
 n - 210 stones
 u - 9 poisoned needles
 P - 7 poisoned javelins (quivered)
Armour
 b - a +1 animal skin (worn)
 f - a +0 ring mail
 q - a +0 large shield (worn)
 w - a +0 chain mail
 z - a +0 cloak
 F - a +0 robe
 J - the cursed +1 scale mail of Wouciq {Regen+, unknown}
   (You found it on level 4 of the Dungeon)

   It increases your rate of regeneration.
   It has a curse placed upon it.
 U - the cursed +0 cloak "Ibifur" (worn) {Stlth+}
   (You found it on level 6 of the Dungeon)

   It makes you more stealthy.
   It has a curse placed upon it.
Jewellery
 h - a +4 ring of strength (left claw)
 l - an uncursed ring of wizardry
 y - a +4 ring of dexterity (right claw)
 R - an amulet of rage (around neck)
Wands
 C - a wand of flame (9/48)
 M - a wand of iceblast (3/15)
 N - a wand of paralysis (10/24)
Scrolls
 g - a scroll of noise
 j - a scroll of enchant armour
 k - 5 scrolls of identify
 o - a scroll of enchant weapon {unknown}
 D - a scroll of fear {unknown}
 K - a scroll of immolation {unknown}
 Q - a scroll of amnesia {unknown}
Potions
 c - 2 potions of flight {unknown}
 r - a potion of agility {unknown}
 s - 3 potions of curing
 A - a potion of might {unknown}
 E - a potion of brilliance
 S - a potion of cancellation {unknown}
Books
 m - a book of Beasts

   Spells                             Type                      Level
   a - Summon Butterflies             Summoning                    1
   b - Call Canine Familiar           Summoning                    3
   c - Summon Ice Beast               Ice/Summoning                4
   d - Summon Mana Viper              Hexes/Summoning              5
   e - Summon Hydra                   Summoning                    7
   Trog disapproves of the use of such an item.
Comestibles
 p - 3 beef jerkies
 I - 8 fruits
 T - 2 bread rations


   Skills:
 * Level 4.7 Fighting
 * Level 2.0 Short Blades
 * Level 4.9 Maces & Flails
 + Level 1.0 Throwing
 + Level 5.5 Dodging
 + Level 0.3 Stealth
 * Level 5.3 Shields


You had 7 spell levels left.
You didn't know any spells.

Dungeon Overview and Level Annotations

Branches:
Dungeon (6/15)             Temple (0/1) D:6

Altars:
Elyvilon
Gozag
Nemelex Xobeh
Okawaru
Pakellas
Qazlal
Sif Muna
Trog
Xom
Zin
The Shining One


Innate Abilities, Weirdness & Mutations

You are too large for most types of armour.
You have claws for hands.
Your metabolism is lightning-fast.
You like to eat raw meat.
You heal very quickly.
You are covered in fur (AC +1).
You have very tough skin (AC +2).


Message History

The centaur wields an uncursed shortbow.
The centaur shoots an arrow.
The arrow barely misses you.
The orc warrior throws a stone.
You block the stone.
The centaur shoots an arrow.
You block the arrow.
The orc warrior throws a stone.
You block the stone.
Things that are here:
a stone; 2 arrows The centaur shoots an arrow.
You block the arrow.
The centaur shoots an arrow.
You block the arrow.
You see here 3 arrows.
The orc warrior throws a stone.
The stone hits you!
* * * LOW HITPOINT WARNING * * *
The orc warrior throws a stone.
You block the stone.
You see here a stone.
You are near starving!
The orc warrior throws a stone.
You block the stone.
You see here a stone.
The orc warrior throws a stone.
You block the stone.
The orc warrior throws a stone.
The stone hits you.
You die...

### #.. #)# #)# #########
#######'# #...#..># #....#...
###########...#.@.# #....#...
..............#.(.#######....#...
..............'.(.'.....)....).>.
###......###.##.(.#.....#....#...
# #......# #.###((#.....######...
###......# #...o/#......# ####
.........####.c#...#....# #
.................#......#### ###
(..#####.......#...#..'....# #..


You could see an orc warrior.

Vanquished Creatures
  A water moccasin (D:5)
  An orc warrior (D:6)
  A sky beast (D:6)
  A phantom (D:4)
  An ogre (D:6)
  2 centaurs
  A big kobold (D:4)
  2 giant frogs (D:6)
  A wyvern skeleton (D:6)
  A scorpion (D:5)
  3 howler monkeys (D:4)
  2 crimson imps
  A jelly (D:6)
  A hound (D:6)
  5 orc priests
  4 orc wizards
  Natasha (twice) (D:2)
  An iguana (D:5)
  5 worker ants
  Ijyb (D:2)
  3 gnolls (D:6)
  A howler monkey skeleton (D:4)
  6 adders
  An ooze (D:1)
  An adder zombie (D:5)
  An adder skeleton (D:4)
  2 worms
  3 dart slugs
  6 giant geckos
  25 orcs
  7 bats
  3 giant cockroaches
  4 goblins
  5 hobgoblins
  3 jackals (D:2)
  26 kobolds
  3 quokkas
  6 giant newts
  A quokka skeleton (D:6)
  7 rats
  3 plants (D:4)
154 creatures vanquished.

Notes
Turn   | Place    | Note
--------------------------------------------------------------
     0 | D:1      | W0nk042 the Troll Berserker began the quest for the Orb.
     0 | D:1      | Reached XP level 1. HP: 22/22 MP: 0/0
   366 | D:1      | Reached XP level 2. HP: 29/29 MP: 1/1
   486 | D:1      | Found a glowing golden altar of the Shining One.
   534 | D:1      | Reached XP level 3. HP: 32/36 MP: 2/2
  1003 | D:2      | Noticed Ijyb
  1009 | D:2      | Killed Ijyb
  1251 | D:2      | Reached XP level 4. HP: 45/45 MP: 3/3
  1372 | D:2      | Noticed Natasha
  1380 | D:2      | Killed Natasha
  1380 | D:2      | Reached ** piety under Trog
  1760 | D:2      | Noticed Natasha
  1765 | D:2      | Killed Natasha
  1765 | D:2      | Reached XP level 5. HP: 53/53 MP: 4/4
  1882 | D:2      | Found a shimmering altar of Xom.
  1885 | D:2      | Found an iron altar of Okawaru.
  1886 | D:2      | Found a bloodstained altar of Trog.
  1886 | D:2      | Found a sparkling altar of Nemelex Xobeh.
  1886 | D:2      | Found a white marble altar of Elyvilon.
  1887 | D:2      | Found an oddly glowing altar of Pakellas.
  1888 | D:2      | Found a glowing silver altar of Zin.
  1889 | D:2      | Found a stormy altar of Qazlal.
  1891 | D:2      | Found a deep blue altar of Sif Muna.
  2226 | D:3      | Reached skill level 1 in Shields
  2551 | D:3      | Found an opulent altar of Gozag.
  2627 | D:4      | Reached *** piety under Trog
  2663 | D:4      | Noticed a phantom
  2757 | D:4      | Killed a phantom
  2757 | D:4      | Reached XP level 6. HP: 57/61 MP: 5/5
  2898 | D:4      | Reached skill level 1 in Throwing
  2999 | D:4      | Reached XP level 7. HP: 68/68 MP: 6/6
  3215 | D:4      | Got a heavily runed scale mail
  3250 | D:4      | Upgraded the game from 0.18.1-47-g9310371 to 0.18.1-48-g4cf74bf
  3459 | D:4      | Reached **** piety under Trog
  3740 | D:5      | Entered Level 5 of the Dungeon
  3829 | D:5      | Got a bloodstained helmet
  3956 | D:5      | Found an oddly glowing altar of Pakellas.
  3969 | D:5      | Received a gift from Trog
  4327 | D:5      | Reached skill level 5 in Dodging
  4327 | D:5      | Reached XP level 8. HP: 78/78 MP: 7/7
  4812 | D:6      | Reached skill level 1 in Short Blades
  4984 | D:6      | Found a staircase to the Ecumenical Temple.
  5054 | D:6      | Reached skill level 5 in Shields
  5095 | D:6      | Got a faintly humming cloak
  5106 | D:6      | Identified the cursed +0 cloak "Ibifur" {Stlth+} (You found it on level 6 of the Dungeon)
  5769 | D:6      | HP: 2/79 [orc warrior/stone (7)]
  5771 | D:6      | Hit by a stone thrown by an orc warrior

Skill      XL: |  1  2  3  4  5  6  7  8 |
---------------+-------------------------+-----
Maces & Flails | 3 4 |  4.9
Fighting       | 3 4 |  4.7
Dodging        | 3 4 5 |  5.5
Shields        | 1 2 4 5 |  5.3
Throwing       | 1 |  1.0
Short Blades   | 2 |  2.0
Stealth        | |  0.3

Action                   |  1- 3 |  4- 6 |  7- 9 || total
-------------------------+-------+-------+-------++-------
Melee: Mace              |   109 |   251 |   196 ||   556
       Short sword       |       |       |   282 ||   282
       Trident           |       |       |    12 ||    12
Throw: Stone             |     3 |    47 |     6 ||    56
Invok: Berserk           |     1 |     4 |     4 ||     9
       Trog's Hand       |       |       |     1 ||     1
Evoke: Wand              |       |       |     2 ||     2
  Use: Scroll            |     2 |     5 |     5 ||    12
       Potion            |     1 |       |     4 ||     5
 Stab: Sleeping          |       |     1 |       ||     1
  Eat: Bread ration      |     2 |       |     1 ||     3
       Chunk             |     4 |    19 |    25 ||    48
       Fruit             |       |     1 |       ||     1
Armor: Animal skin       |    39 |    80 |    74 ||   193
Dodge: Dodged            |    48 |    67 |    84 ||   199
Block: Large shield      |    22 |   209 |   339 ||   570
